General information
- name: BNet
- type: Ladder team game (AT/RT)
- host: Battle.net
- saver: THEJONBENET
map: RiceFields
- players: 6
- length: 16:50
- speed: Fast
- version: 1.21 W3XP
- replay type: Public
» download(131 KB)
Players
team 1 (loser)
iNt]CaShY (
teal | 67 APM | 1119 actions | 16:48)
3 Pandaren Brewmaster
2 Breath of Fire
1 Drunken Haze
» actions
| Assign group hotkey | 14 | |
| Build / train | 55 | |
| Enter build submenu | 27 | |
| Enter hero's abilities submenu | 3 | |
| Give item / drop item | 2 | |
| Remove unit from queue | 1 | |
| Right click | 503 | |
| Select / deselect | 165 | |
| Select group hotkey | 290 | |
| Use ability | 59 | |
1119 total
» units
» buildings
| Altar of Elders | 1 | |
| Moon Well | 1 | |
| Tree of Life | 1 | |
| Hunter's Hall | 1 | |
| Ancient Protector | 31 | |
| Tree of Ages | 0 | |
35 total
» build order
00:08 Altar of Elders
00:12 Moon Well
04:37 Tree of Life
07:59 Hunter's Hall
09:04 Ancient Protector
09:08 Ancient Protector
09:10 Ancient Protector
09:32 Ancient Protector
11:16 Ancient Protector
11:42 Ancient Protector
12:04 Ancient Protector
12:09 Ancient Protector
12:35 Ancient Protector
13:24 Ancient Protector
13:26 Ancient Protector
13:44 Ancient Protector
13:56 Ancient Protector
14:13 Ancient Protector
14:31 Tree of Ages
15:38 Ancient Protector
15:39 Ancient Protector
15:42 Ancient Protector
15:45 Ancient Protector
16:42 Ancient Protector
16:45 Ancient Protector
16:45 Ancient Protector
16:46 Ancient Protector
16:46 Ancient Protector
16:46 Ancient Protector
16:46 Ancient Protector
16:47 Ancient Protector
» items
| Potion of Invulnerability | 1 | |
| Scroll of the Beast | 1 | |
2 total
iNt]HAWt (
red | 101 APM | 1687 actions | 16:44)
5 Pandaren Brewmaster
3 Breath of Fire
2 Drunken Haze
4 Lich
2 Frost Nova
2 Frost Armor
» actions
| Assign group hotkey | 26 | |
| Basic commands | 239 | |
| Build / train | 53 | |
| Enter build submenu | 22 | |
| Enter hero's abilities submenu | 9 | |
| Give item / drop item | 1 | |
| Right click | 461 | |
| Select / deselect | 196 | |
| Select group hotkey | 623 | |
| Use ability | 57 | |
1687 total
» units
| Acolyte | 2 | |
| Crypt Fiend | 7 | |
| Obsidian Statue | 2 | |
| Frost Wyrm | 3 | |
14 total
» upgrades
| Creature Attack | 3 | |
| Web | 1 | |
| Creature Carapace | 2 | |
| Burrow | 1 | |
7 total
» buildings
| Graveyard | 1 | |
| Crypt | 2 | |
| Halls of the Dead | 2 | |
| Ziggurat | 9 | |
| Altar of Darkness | 1 | |
| Tomb of Relics | 1 | |
| Nerubian Tower | 3 | |
| Slaughterhouse | 1 | |
| Black Citadel | 1 | |
| Spirit Tower | 1 | |
| Sacrificial Pit | 2 | |
| Boneyard | 4 | |
28 total
» build order
00:07 Graveyard
00:10 Crypt
00:33 Halls of the Dead
00:33 Halls of the Dead
00:53 Crypt
01:07 Ziggurat
01:28 Altar of Darkness
01:33 Tomb of Relics
01:45 Ziggurat
02:43 Ziggurat
02:45 Nerubian Tower
02:45 Nerubian Tower
02:45 Nerubian Tower
03:26 Slaughterhouse
03:29 Ziggurat
03:57 Black Citadel
03:57 Spirit Tower
03:58 Sacrificial Pit
04:53 Ziggurat
04:53 Ziggurat
05:08 Ziggurat
05:49 Sacrificial Pit
06:35 Boneyard
06:36 Boneyard
06:37 Boneyard
07:06 Boneyard
10:54 Ziggurat
10:56 Ziggurat
» items
| Rod of Necromancy | 1 | |
| Potion of Healing | 2 | |
| Scroll of Town Portal | 2 | |
| Orb of Corruption | 1 | |
| Scroll of Healing | 1 | |
| Potion of Mana | 1 | |
| Potion of Greater Healing | 1 | |
9 total
OyNotSPareMePLx (
yellow | 77 APM | 1297 actions | 16:47)
2 Pandaren Brewmaster
1 Breath of Fire
1 Drunken Haze
» actions
| Assign group hotkey | 9 | |
| Basic commands | 27 | |
| Build / train | 37 | |
| ESC pressed | 6 | |
| Enter build submenu | 8 | |
| Enter hero's abilities submenu | 2 | |
| Give item / drop item | 2 | |
| Remove unit from queue | 1 | |
| Right click | 767 | |
| Select / deselect | 184 | |
| Select group hotkey | 162 | |
| Use ability | 92 | |
1297 total
» units
» buildings
| Moon Well | 1 | |
| Altar of Elders | 2 | |
| Hunter's Hall | 1 | |
| Ancient Protector | 2 | |
| Tree of Life | 1 | |
7 total
» build order
00:03 Moon Well
00:05 Altar of Elders
00:54 Altar of Elders
07:28 Hunter's Hall
11:38 Ancient Protector
11:48 Ancient Protector
15:29 Tree of Life
team 2 (winner)

»
Capo22 (
purple | 186 APM | 3130 actions | 16:49)
6 Death Knight
3 Death Coil
3 Unholy Aura
» actions
| Assign group hotkey | 26 | |
| Basic commands | 336 | |
| Build / train | 37 | |
| Enter build submenu | 26 | |
| Enter hero's abilities submenu | 6 | |
| Remove unit from queue | 4 | |
| Right click | 1246 | |
| Select / deselect | 159 | |
| Select group hotkey | 1251 | |
| Use ability | 39 | |
3130 total
» units
| Acolyte | 2 | |
| Ghoul | 2 | |
| Gargoyle | 4 | |
| Frost Wyrm | 5 | |
13 total
» upgrades
| Creature Attack | 3 | |
| Creature Carapace | 3 | |
| Freezing Breath | 1 | |
7 total
» buildings
| Halls of the Dead | 1 | |
| Altar of Darkness | 1 | |
| Ziggurat | 9 | |
| Crypt | 3 | |
| Graveyard | 1 | |
| Tomb of Relics | 1 | |
| Black Citadel | 1 | |
| Sacrificial Pit | 1 | |
| Boneyard | 3 | |
21 total
» build order
00:35 Halls of the Dead
00:52 Altar of Darkness
00:55 Ziggurat
01:03 Crypt
01:11 Graveyard
01:30 Crypt
01:35 Crypt
01:38 Ziggurat
02:16 Tomb of Relics
02:17 Ziggurat
03:59 Ziggurat
04:37 Black Citadel
05:05 Ziggurat
06:09 Sacrificial Pit
07:00 Boneyard
07:01 Boneyard
07:23 Boneyard
10:56 Ziggurat
10:56 Ziggurat
10:59 Ziggurat
11:00 Ziggurat
» items
| Orb of Corruption | 1 | |
| Scroll of Healing | 2 | |
| Potion of Healing | 1 | |
4 total

»
TALONSAREIMBA (
green | 82 APM | 1381 actions | 16:49)
3 Mountain King
2 Storm Bolt
1 Thunder Clap
» actions
| Assign group hotkey | 57 | |
| Build / train | 61 | |
| ESC pressed | 4 | |
| Enter build submenu | 45 | |
| Enter hero's abilities submenu | 3 | |
| Right click | 457 | |
| Select / deselect | 409 | |
| Select group hotkey | 285 | |
| Use ability | 60 | |
1381 total
» units
| Peasant | 21 | |
| Dragonhawk Rider | 3 | |
24 total
» upgrades
» buildings
| Altar of Kings | 1 | |
| Farm | 6 | |
| Lumber Mill | 1 | |
| Scout Tower | 23 | |
| Arcane Tower | 2 | |
| Guard Tower | 19 | |
| Blacksmith | 1 | |
| Keep | 1 | |
| Arcane Vault | 1 | |
| Gryphon Aviary | 3 | |
58 total
» build order
00:06 Altar of Kings
01:02 Farm
01:55 Farm
02:05 Lumber Mill
02:24 Scout Tower
03:54 Scout Tower
04:11 Arcane Tower
04:29 Scout Tower
04:34 Scout Tower
05:23 Guard Tower
05:53 Guard Tower
06:22 Scout Tower
06:27 Scout Tower
06:32 Scout Tower
06:56 Guard Tower
07:14 Guard Tower
07:34 Scout Tower
07:38 Scout Tower
07:39 Scout Tower
07:39 Scout Tower
07:42 Scout Tower
07:47 Scout Tower
07:48 Scout Tower
07:48 Scout Tower
07:50 Guard Tower
07:54 Scout Tower
07:57 Scout Tower
08:11 Scout Tower
08:11 Scout Tower
08:15 Arcane Tower
08:18 Scout Tower
08:28 Guard Tower
08:37 Guard Tower
08:43 Guard Tower
08:43 Guard Tower
08:44 Guard Tower
09:00 Guard Tower
09:05 Guard Tower
09:16 Guard Tower
09:29 Guard Tower
09:42 Farm
09:43 Farm
10:11 Blacksmith
10:54 Keep
11:23 Arcane Vault
13:21 Gryphon Aviary
13:24 Gryphon Aviary
13:27 Gryphon Aviary
14:36 Scout Tower
14:38 Scout Tower
14:40 Scout Tower
14:54 Guard Tower
14:59 Guard Tower
15:12 Guard Tower
15:39 Guard Tower
15:42 Farm
15:44 Farm
» items
| Ivory Tower | 5 | |
| Scroll of Healing | 1 | |
6 total
THEJONBENET (
blue | 65 APM | 1096 actions | 16:50)
3 Demon Hunter
2 Mana Burn
1 Evasion
» actions
| Assign group hotkey | 2 | |
| Build / train | 27 | |
| Enter build submenu | 12 | |
| Enter hero's abilities submenu | 3 | |
| Give item / drop item | 1 | |
| Right click | 691 | |
| Select / deselect | 304 | |
| Select group hotkey | 1 | |
| Use ability | 55 | |
1096 total
» units
» buildings
| Altar of Elders | 1 | |
| Moon Well | 4 | |
| Tree of Ages | 1 | |
| Hunter's Hall | 1 | |
| Ancient of Lore | 2 | |
| Ancient of Wonders | 1 | |
| Tree of Life | 2 | |
12 total
» build order
00:10 Altar of Elders
00:11 Moon Well
10:12 Tree of Ages
10:54 Moon Well
10:56 Hunter's Hall
10:58 Moon Well
11:49 Moon Well
12:37 Ancient of Lore
13:04 Ancient of Lore
13:40 Ancient of Wonders
15:54 Tree of Life
15:57 Tree of Life
» items
| Potion of Healing | 1 | |
| Potion of Mana | 1 | |
| Scroll of Town Portal | 1 | |
3 total
Chat log
(16:44 / All) iNt]HAWt: gg
(16:46 / All) OyNotSPareMePLx: gg
(16:47 / All) THEJONBENET: gg